 Dungeon Crawl Stone Soup version 0.29.1-15-g9cfb28693d (webtiles) character file.

Game seed: 8859083285718487001

522 GloriousHammer the Gusty (level 7, -4/41 HPs)
             Began as an Octopode Air Elementalist on Apr 3, 2023.
             Killed from afar by a white imp (5 damage)
             ... with a puff of frost
             ... on level 4 of the Dungeon.
             The game lasted 00:09:09 (6902 turns).

GloriousHammer the Gusty (OpAE)                     Turns: 6902, Time: 00:09:09

Health: -4/41      AC:  6    Str:  7    XL:     7   Next: 22%
Magic:  14/22      EV: 13    Int: 19    God:
Gold:   155        SH:  0    Dex: 13    Spells: 5/15 levels left

rFire   . . .      SeeInvis .   q - +2 short sword (elec)
rCold   . . .      Faith    .   (no shield)
rNeg    . . .      Spirit   .   t - +1 hat
rPois   .          Reflect  .   (no amulet)
rElec   .          Harm     .   T - +4 ring of protection
rCorr   .          Rampage  .   M - ring of magical power
Will    .....                   (no ring)
Stlth   +++.......              (no ring)
HPRegen 0.13/turn               (no ring)
MPRegen 0.18/turn               (no ring)
                                (no ring)
                                (no ring)

@: swift, quick
A: almost no armour, amphibious, 8 rings, camouflage 1, gelatinous body 1,
(nimble swimmer 1), tentacles
a: no special abilities


You were on level 4 of the Dungeon.
You visited 1 branch of the dungeon, and saw 4 of its levels.

You collected 155 gold pieces.

Inventory:

Hand Weapons
 d - a +0 sling
 l - a +1 whip of draining
 q - a +2 short sword of electrocution (weapon)
Missiles
 r - 5 poisoned darts
Armour
 h - an orb of energy
 t - a +1 hat (worn)
Jewellery
 M - a ring of magical power (right tentacle)
 T - a +4 ring of protection (left tentacle)
Scrolls
 c - 3 scrolls of teleportation {unknown}
 e - 2 scrolls of magic mapping {unknown}
 f - 3 scrolls of identify {unknown}
 g - a scroll of poison {unknown}
 j - a scroll of noise {unknown}
 m - 2 scrolls of enchant weapon {unknown}
 n - a scroll of vulnerability {unknown}
 s - a scroll of enchant armour {unknown}
Potions
 a - a potion of magic
 b - 3 potions of flight {unknown}
 i - a potion of degeneration {unknown}
 k - a potion of heal wounds {unknown}
 o - a potion of haste
 p - 2 potions of berserk rage {unknown}


   Skills:
 - Level 2.0 Dodging
 - Level 2.6 Stealth
 + Level 4.6 Spellcasting
 - Level 3.0 Conjurations
 + Level 5.7 Air Magic


You had 5 spell levels left.
You knew the following spells:

 Your Spells              Type           Power      Damage    Failure   Level
a - Shock                 Conj/Air       84%        1d8       2%          1
b - Static Discharge      Conj/Air       21%        3-6/arc   3%          2
c - Swiftness             Air            26%        N/A       3%          3
d - Airstrike             Air            13%        2d(2-18)  12%         4

Your spell library contained the following spells:

 Spells                   Type           Power      Damage    Failure   Level
 Mephitic Cloud           Conj/Pois/Air  15%        N/A       12%         3
 Summon Small Mammal      Summ           16%        N/A       13%         1
 Call Canine Familiar     Summ           4%         N/A       36%         3
 Gell's Gravitas          Tloc           4%         N/A       36%         3
 Ignite Poison            Fire/Tmut/Pois 4%         N/A       36%         3
 Summon Guardian Golem    Hex/Summ       4%         N/A       36%         3
 Teleport Other           Tloc           4%         N/A       36%         3
 Freezing Cloud           Conj/Ice/Air   7%         6-21      73%         5
 Dispersal                Tloc           2%         N/A       100%        6


Dungeon Overview and Level Annotations

Branches:
Dungeon (4/15)
 Temple: D:4-7

Altars:
Cheibriados
Sif Muna

Shops:
D:1 [


Innate Abilities, Weirdness & Mutations

You cannot wear most types of armour.
You are amphibious.
You can wear up to eight rings at the same time.
Your skin changes colour to match your surroundings (Stealth+).
Your rubbery body absorbs attacks. (AC +1, EV +1)
((You are camouflaged when in or above water. (Stealth+)))
You have tentacles for arms and can constrict up to eight enemies at once.


Message History

The scorpion barely misses you. The scorpion stings you.
You are poisoned.
The scorpion poisons you!
Casting: Static Discharge (safe; 3% risk of failure)
Confirm with . or Enter, or press ? or * to list all spells.
The scorpion is struck by an arc of lightning.
The scorpion is almost dead.
You are struck by an arc of lightning.
The scorpion is struck by an arc of lightning!
You kill the scorpion!
You are struck by an arc of lightning.
The lightning grounds out.
You feel very sick. The white imp gestures at you. The puff of frost hits you.
* * * LOW HITPOINT WARNING * * *
* * * LOW HITPOINT WARNING * * *
You feel very sick.
Okay, then.
Casting: Static Discharge (safe; 3% risk of failure)
Confirm with . or Enter, or press ? or * to list all spells.
You feel quick.
* * * LOW HITPOINT WARNING * * *
You feel sick.
* * * LOW HITPOINT WARNING * * *
You feel sick.
* * * LOW HITPOINT WARNING * * *
You feel sick.
* * * LOW HITPOINT WARNING * * *
You feel sick.
* * * LOW HITPOINT WARNING * * *
You feel sick.
* * * LOW HITPOINT WARNING * * *
You feel sick.
* * * LOW HITPOINT WARNING * * *
You feel sick.
You are no longer poisoned.
A ball python comes into view.
The white imp gestures at you. The puff of frost hits you.
You die...

##.†.........
###...S........###......
#......................
##.......##............ .
##.......##...#....... ..
#.............#....... ...#
##....................# †...
#...................#.##.....
##...........@......#...5....
##...................#......
##......(........5..#......
#....#.............†......
####...#...#..........$...$.
#.........##................
#........................##.
##.................#......!.
##.......###.....##......##


You could see a white imp and a ball python (wandering).

Vanquished Creatures
  Sigmund (D:3)
  A phantom (D:3)
  2 scorpions (D:4)
  An orc wizard (D:3)
  5 adders
  7 worms
  A dart slug (D:2)
  7 orcs
  6 endoplasms
  2 giant cockroaches
  6 hobgoblins
  5 jackals
  5 quokkas
  3 ball pythons
  7 bats
  2 goblins
  7 kobolds
  6 rats
74 creatures vanquished.

Notes
Turn   | Place    | Note
-------+----------+-------------------------------------------
     0 | D:1      | GloriousHammer the Octopode Air Elementalist began the
                  | quest for the Orb.
     0 | D:1      | Reached XP level 1. HP: 11/11 MP: 3/3
    38 | D:1      | Found Vaziuse's Armour Shoppe.
   660 | D:1      | Reached XP level 2. HP: 17/17 MP: 0/5
  1645 | D:2      | Learned a level 2 spell: Static Discharge
  1664 | D:2      | Reached XP level 3. HP: 17/21 MP: 1/6
  2104 | D:2      | Found a snail-covered altar of Cheibriados.
  2698 | D:2      | Reached XP level 4. HP: 24/27 MP: 5/8
  4234 | D:3      | Reached skill level 4 in Air Magic
  4234 | D:3      | Reached XP level 5. HP: 27/31 MP: 0/9
  4880 | D:3      | Noticed a phantom
  4887 | D:3      | Killed a phantom
  5139 | D:3      | Found a shimmering blue altar of Sif Muna.
  5140 | D:3      | Noticed Sigmund
  5684 | D:3      | Killed Sigmund
  5685 | D:3      | Reached skill level 5 in Air Magic
  5685 | D:3      | Reached XP level 6. HP: 21/36 MP: 3/12
  6109 | D:3      | Learned a level 3 spell: Swiftness
  6114 | D:3      | Learned a level 4 spell: Airstrike
  6150 | D:4      | Reached XP level 7. HP: 40/41 MP: 11/13
  6895 | D:4      | HP: 2/41 [poisoned by a scorpion]
  6902 | D:4      | Killed from afar by a white imp

Illustrated notes

Levels and vault maps discovered:
D:1:      minmay_arrival_up_and_down, layout_rooms, serial_shops,
          nicolae_shop_crystal, chequers_serial_rivers_marsh
D:2:      layout_basic, basic_altar, nicolae_wormholes
D:3:      wander_river, layout_loops_ring, mainiacjoe_overflow_small_starburst,
          serial_glass, glass_columns_a, glass_columns_b, glass_columns_a,
          glass_columns_a, uniq_sigmund
D:4:      layout_cave_pools, serial_shops, nicolae_stop_n_shop_1,
          minmay_crossroads

Skill      XL: |  1  2  3  4  5 |
---------------+----------------+-----
Conjurations   | 2 3 |  3.0
Spellcasting   | 3 4 |  4.6
Air Magic      | 4 5 |  5.7
Dodging        | |  2.0
Stealth        | |  2.6

Action                   |  1- 3 |  4- 6 |  7- 9 || total
-------------------------+-------+-------+-------++-------
Melee: Unarmed           |     4 |       |       ||     4
       Constrict         |     6 |     6 |       ||    12
       Short sword       |    16 |     6 |     1 ||    23
       Tentacles         |     3 |     6 |       ||     9
       Whip              |       |     9 |       ||     9
 Cast: Shock             |    57 |    76 |    22 ||   155
       Static Discharge  |     2 |     6 |     3 ||    11
       Swiftness         |       |       |     1 ||     1
 Stab: Sleeping          |       |     1 |       ||     1
Armor: Skin              |     1 |     1 |     2 ||     4
Dodge: Dodged            |    12 |    16 |     2 ||    30
